 Dungeon Crawl Stone Soup version 0.31-a0-198-g2ad674f65e (webtiles) character file.

Game seed: 17037189007746668101

1501 qw the Skirmisher (level 8, -3/46 HPs)
             Began as a Deep Elf Hunter on June 25, 2023.
             Killed from afar by Maggie (22 damage)
             ... with a bolt of fire
             ... on level 7 of the Dungeon.
             The game lasted 00:03:00 (6251 turns).

qw the Skirmisher (Deep Elf Hunter)                 Turns: 6251, Time: 00:03:00

Health: -3/46      AC:  8    Str: 10    XL:     8   Next: 52%
Magic:  10/10      EV: 11    Int: 18    God:
Gold:   346        SH:  0    Dex: 13    Spells: 7/7 levels left

rFire   . . .        d - +9 longbow "Tepier" {freeze, rN+ Int+3 Dex-5}
rCold   . . .        (shield currently unavailable)
rNeg    + . .        e - +0 ring mail
rPois   .            (no helmet)
rElec   .            g - +0 cloak
rCorr   .            a - +0 pair of gloves
SInv    +            h - +0 pair of boots
Will    .....        (no amulet)
Stlth   +            c - +4 ring of slaying {mikee}
HPRegen 0.27/turn    o - ring of see invisible
MPRegen 0.12/turn

%: no passive effects
@: mesmerised
A: no striking features
a: no special abilities


You were on level 7 of the Dungeon.
You visited 1 branch of the dungeon, and saw 7 of its levels.

You collected 346 gold pieces.


   Skills:
 - Level 3.4 Fighting
 + Level 13.1 Ranged Weapons
 - Level 1.0 Armour
 - Level 4.3 Dodging
 - Level 1.2 Stealth


You had 7 spell levels left.
You didn't know any spells.
Your spell library was empty.

Inventory:

Hand Weapons
 d - the +9 longbow "Tepier" (weapon) {freeze, rN+ Int+3 Dex-5}
   (You acquired it on level 6 of the Dungeon)

   Int:       It affects your intelligence (+3).
   Dex:       It affects your dexterity (-5).
   rN:        It protects you from negative energy.
Armour
 a - a +0 pair of gloves (worn)
 e - a +0 ring mail (worn)
 g - a +0 cloak (worn)
 h - a +0 pair of boots (worn)
Jewellery
 c - a +4 ring of slaying (left hand) {mikee}
 o - a ring of see invisible (right hand)
Scrolls
 i - a scroll of identify
 k - 2 scrolls of teleportation
Potions
 b - a potion of curing
 f - a potion of mutation {unknown}
 j - a potion of cancellation
 l - a potion of might {unknown}
 m - a potion of brilliance {unknown}

Dungeon Overview and Level Annotations

Branches:
Dungeon (7/15)
 Temple: D:4-7

Altars:
Ashenzari
Elyvilon
Qazlal
Ru

Annotations:
D:4 1 runed translucent door, Crazy Yiuf
D:7 Maggie


Message History

6233 ||| SWAPPING to +9 longbow "Tepier" {freeze, rN+ Int+3 Dex-5}.
You feel clever.
You feel clumsy.
The +9 longbow "Tepier" {freeze, rN+ Int+3 Dex-5} is covered in frost.
d - the +9 longbow "Tepier" (weapon)
{freeze, rN+ Int+3 Dex-5}
6234 ||| DROPPING +0 orcbow.
You drop a +0 orcbow.
Done exploring.
(D) Dungeon
Where to? (* - list waypoints, Enter - D:6, ? - help)
What level of the Dungeon? (default 1, ? - help)
There is a stone staircase leading down here.
You climb downwards.
There is a stone staircase leading up here.
Waypoint 6 assigned to D:7.
Found 2 stones.
Maggie the Vainglorious comes into view.
She is wielding a +1 halberd of flaming.
Maggie shouts!
You shoot an arrow. The arrow completely misses Maggie.
You shoot an arrow. The arrow barely misses Maggie.
Maggie hits you from afar with a +1 halberd of flaming!
Maggie burns you.
You shoot an arrow.
The arrow hits Maggie but does no damage.
Maggie mumbles some strange words.
Maggie attempts to bespell you!
You are mesmerised by Maggie!
You shoot an arrow.
The arrow hits Maggie but does no damage.
Maggie gestures at you while chanting. The bolt of fire hits you!
You shoot an arrow. The arrow hits Maggie.
The arrow freezes Maggie.
Maggie is lightly wounded.
Maggie misses you.
Maggie hits you from afar with a +1 halberd of flaming.
Maggie burns you.
You shoot an arrow. The arrow hits Maggie!!
The arrow freezes Maggie!
Maggie is severely wounded.
Maggie gestures at you while chanting. The bolt of fire hits you!!
You die...

##########
#.....<..#
....#####.########
# ....(...........
..#####@########
#...# ..#@#
##..... #.# ###
#.# #.# ..#


You could see Maggie (mesmerising).

Vanquished Creatures
  Menkaure (D:4)
  An orc warrior (D:3)
  3 ogres
  A centaur (D:6)
  A gnoll sergeant (D:6)
  A howler monkey (D:6)
  5 hounds
  3 jellies
  A sleepcap (D:6)
  7 iguanas
  Natasha (thrice) (D:4)
  13 gnolls
  10 adders
  3 ufetubi
  A worm (D:2)
  3 dart slugs
  8 orcs
  10 endoplasms
  4 giant cockroaches
  6 goblins
  10 hobgoblins
  4 jackals (D:4)
  2 quokkas
  7 ball pythons
  4 bats
  3 frilled lizards
  10 kobolds
  4 rats
129 creatures vanquished.

Notes
Turn   | Place    | Note
-------+----------+-------------------------------------------
     0 | D:1      | qw the Deep Elf Hunter began the quest for the Orb.
     0 | D:1      | Reached XP level 1. HP: 12/12 MP: 3/3
     0 | D:1      | 0 ||| qw: Version: 0.3-a-22-g0ed2b0b
     0 | D:1      | 0 ||| qw: Game counter: 5365
     0 | D:1      | 0 ||| qw: Melee chars always use a shield: true
     0 | D:1      | 0 ||| qw: God list: Okawaru
     0 | D:1      | 0 ||| qw: Allow faded altars: false
     0 | D:1      | 0 ||| qw: Do Orc after clearing Dungeon:15 true
     0 | D:1      | 0 ||| qw: Do second Lair branch before Depths: true
     0 | D:1      | 0 ||| qw: Lair rune preference: random
     0 | D:1      | 0 ||| qw: Goals: Normal
     0 | D:1      | 0 ||| PLANNING D:1-11
   280 | D:1      | Reached XP level 2. HP: 16/16 MP: 4/4
   323 | D:1      | Reached skill level 6 in Ranged Weapons
   434 | D:1      | 434 ||| UPGRADING to +0 ring mail.
   444 | D:1      | 444 ||| DROPPING +0 leather armour.
   445 | D:1      | 445 ||| DROPPING +6 ring of intelligence.
   446 | D:1      | 446 ||| READING scroll labelled FIBUIT VOLOAJEMM.
   447 | D:1      | 447 ||| DROPPING scroll of butterflies.
   636 | D:2      | Found a faded altar of an unknown god.
   656 | D:2      | Reached XP level 3. HP: 11/20 MP: 5/5
   978 | D:2      | 978 ||| UPGRADING to +4 ring of slaying {mikee}.
   979 | D:2      | 979 ||| DROPPING ring of flight.
   980 | D:2      | 980 ||| READING scroll labelled ZEDOAK BODAESS.
   981 | D:2      | 981 ||| READING scroll labelled ISTRE JACIULI.
   983 | D:2      | 983 ||| Stepping ~*~*~tactically~*~*~ (cloud).
   985 | D:2      | HP: 5/20 [poisoned by you (poison gas)]
   989 | D:2      | HP: 2/20 [poisoned by you (poison gas)]
  1183 | D:3      | Reached skill level 7 in Ranged Weapons
  1196 | D:3      | Reached XP level 4. HP: 25/25 MP: 6/6
  1335 | D:3      | Found a broken altar of Ashenzari.
  1336 | D:3      | Found a white marble altar of Elyvilon.
  1338 | D:3      | Found a stormy altar of Qazlal.
  1657 | D:3      | 1657 ||| UPGRADING to +0 pair of boots.
  1662 | D:3      | 1662 ||| READING scroll labelled BEF QUSHRUS.
  1663 | D:3      | 1663 ||| READING 2 scrolls labelled NOTAN OSOA.
  1664 | D:3      | 1664 ||| DRINKING 2 amethyst potions.
  1665 | D:3      | 1665 ||| DROPPING scroll of fog.
  1676 | D:4      | Noticed an orc warrior
  1679 | D:4      | Reached skill level 8 in Ranged Weapons
  1684 | D:4      | 1684 ||| STAIRDANCE
  1687 | D:3      | Killed an orc warrior
  1688 | D:3      | Reached skill level 9 in Ranged Weapons
  1688 | D:3      | Reached XP level 5. HP: 15/29 MP: 7/7
  1804 | D:4      | 1804 ||| UPGRADING to +0 cloak.
  1809 | D:4      | 1809 ||| READING scroll labelled LATRES ZEOPP.
  1817 | D:4      | 1817 ||| STAIRDANCE
  1952 | D:4      | Reached skill level 1 in Armour
  2052 | D:4      | Reached XP level 6. HP: 35/35 MP: 8/8
  2095 | D:4      | Noticed Menkaure
  2098 | D:4      | HP: 8/35 [Menkaure (12)]
  2100 | D:4      | Killed Menkaure
  2101 | D:4      | 2101 ||| FLEEEEING.
  2102 | D:4      | 2102 ||| FLEEEEING.
  2103 | D:4      | 2103 ||| FLEEEEING.
  2104 | D:4      | 2104 ||| FLEEEEING.
  2105 | D:4      | 2105 ||| FLEEEEING.
  2106 | D:4      | 2106 ||| FLEEEEING.
  2108 | D:4      | 2108 ||| FLEEEEING.
  2109 | D:4      | 2109 ||| FLEEEEING.
  2110 | D:4      | 2110 ||| FLEEEEING.
  2111 | D:4      | 2111 ||| FLEEEEING.
  2112 | D:4      | 2112 ||| FLEEEEING.
  2113 | D:4      | 2113 ||| FLEEEEING.
  2318 | D:4      | Noticed Natasha
  2326 | D:4      | Killed Natasha
  2327 | D:4      | Reached skill level 10 in Ranged Weapons
  2487 | D:4      | Noticed Natasha
  2494 | D:4      | Killed Natasha
  2495 | D:4      | Reached skill level 3 in Dodging
  2612 | D:4      | Found a runed translucent door.
  2613 | D:4      | Noticed Crazy Yiuf
  2687 | D:4      | 2687 ||| UPGRADING to +0 pair of gloves.
  2692 | D:4      | 2692 ||| DRINKING 2 sapphire potions.
  2801 | D:4      | 2801 ||| READING 2 scrolls of identify.
  2801 | D:4      | 2801 ||| IDENTIFYING fuming ruby potion
  2802 | D:4      | 2802 ||| DROPPING potion of berserk rage.
  2870 | D:5      | Entered Level 5 of the Dungeon
  2884 | D:5      | Found a sacrificial altar of Ru.
  2919 | D:5      | 2919 ||| READING scroll of enchant weapon.
  2919 | D:5      | 2919 ||| ENCHANTING +1 shortbow.
  2971 | D:5      | Reached XP level 7. HP: 22/40 MP: 9/9
  3064 | D:5      | Reached skill level 11 in Ranged Weapons
  3444 | D:5      | Reached skill level 12 in Ranged Weapons
  4002 | D:5      | 4002 ||| UPGRADING to ring of see invisible.
  4003 | D:5      | 4003 ||| READING 2 scrolls labelled KUBLIZ FYRUOGAOLO.
  4007 | D:5      | 4007 ||| READING scroll labelled TATIULL QECETS.
  4008 | D:5      | 4008 ||| READING scroll labelled NOS NOLEL.
  4009 | D:5      | 4009 ||| READING 2 scrolls of identify.
  4009 | D:5      | 4009 ||| IDENTIFYING murky silvery potion
  4010 | D:5      | 4010 ||| DROPPING potion of invisibility.
  4078 | D:4      | Noticed Natasha
  4089 | D:4      | Killed Natasha
  4220 | D:5      | Reached XP level 8. HP: 43/45 MP: 10/10
  4223 | D:5      | 4223 ||| STAIRDANCE
  4226 | D:4      | Reached skill level 3 in Fighting
  4838 | D:5      | 4838 ||| Stepping randomly (stuck).
  4852 | D:6      | 4852 ||| STAIRDANCE
  4936 | D:6      | 4936 ||| STAIRDANCE
  4957 | D:6      | 4957 ||| STAIRDANCE
  5008 | D:6      | 5008 ||| STAIRDANCE
  5067 | D:6      | 5067 ||| STAIRDANCE
  5147 | D:6      | 5147 ||| STAIRDANCE
  5216 | D:6      | 5216 ||| STAIRDANCE
  5264 | D:6      | 5264 ||| STAIRDANCE
  5329 | D:6      | 5329 ||| STAIRDANCE
  5368 | D:6      | 5368 ||| STAIRDANCE
  5412 | D:6      | 5412 ||| STAIRDANCE
  5441 | D:6      | 5441 ||| STAIRDANCE
  5480 | D:6      | 5480 ||| STAIRDANCE
  5562 | D:6      | 5562 ||| STAIRDANCE
  5623 | D:6      | 5623 ||| STAIRDANCE
  5674 | D:6      | 5674 ||| SWAPPING to +0 orcbow.
  5675 | D:6      | 5675 ||| DROPPING +2 shortbow of freezing.
  5917 | D:6      | Reached skill level 13 in Ranged Weapons
  6231 | D:6      | 6231 ||| READING scroll labelled IGODDE ZEATI.
  6231 | D:6      | Identified a scroll of acquirement
  6231 | D:6      | 6231 ||| ACQUIRING +9 longbow "Tepier" {freeze, rN+ Int+3
                  | Dex-5}
  6231 | D:6      | Acquired the +9 longbow "Tepier" {freeze, rN+ Int+3 Dex-5}
  6233 | D:6      | 6233 ||| SWAPPING to +9 longbow "Tepier" {freeze, rN+ Int+3
                  | Dex-5}.
  6234 | D:6      | 6234 ||| DROPPING +0 orcbow.
  6245 | D:7      | Noticed Maggie
  6251 | D:7      | Killed from afar by Maggie

Levels and vault maps discovered:
D:1:      minmay_arrival_cross, layout_rooms
D:2:      layout_basic, ebering_ecumenical_altar_petrified, item_on_display_a
D:3:      cheibrodos_greedy_goblins, layout_basic,
          nicolae_overflow_hidden_temple, dreamdust_mushroom_princess,
          kennysheep_generic_room_10
D:4:      nicolae_cairo_tiling_large, layout_gridville, uniq_crazy_yiuf_cottage,
          uniq_menkaure, uniq_natasha
D:5:      layout_layer_cave, mainiacjoe_overflow_brackets,
          nicolae_fountain_basement
D:6:      layout_loops_ring
D:7:      layout_loops_ring, worldfamousw_hep_ancestral_shrine,
          minmay_temple_entry_poolview, eino_jars, uniq_maggie, uniq_duvessa

Skill      XL: |  1  2  3  4  5  6  7  8 |
---------------+-------------------------+-----
Ranged Weapons | 6 7 9 10 12 13 | 13.1
Fighting       | 2 3 |  3.4
Armour         | 1 |  1.0
Dodging        | 3 4 |  4.3
Stealth        | |  1.2

Action                     |  1- 3 |  4- 6 |  7- 9 || total
---------------------------+-------+-------+-------++-------
   Fire: Shortbow          |    74 |   113 |   108 ||   295
         Orcbow            |       |       |    38 ||    38
         Longbow           |       |       |     6 ||     6
    Use: Scroll            |     3 |     5 |     5 ||    13
         Potion            |       |     2 |       ||     2
 Armour: Leather armour    |     2 |       |       ||     2
         Ring mail         |     4 |    13 |    33 ||    50
  Dodge: Dodged            |     9 |    13 |    83 ||   105

Table legend:
 A = Non-vault XP
 B = Vault XP
 C = Vault XP percentage of total XP
 D = Non-vault monster count
 E = Vault monster count
 F = Vault count percentage of total count
                 A         B        C        D         E       F
            +---------+---------+-------+---------+---------+-------
      Total |    1670 |     475 |  22.1 |     107 |      22 |  17.1
            +---------+---------+-------+---------+---------+-------
        D:1 |      17 |       0 |   0.0 |      11 |       0 |   0.0
        D:2 |      30 |       0 |   0.0 |      14 |       0 |   0.0
        D:3 |     192 |      35 |  15.4 |      19 |      13 |  40.6
        D:4 |     243 |     356 |  59.4 |      25 |       7 |  21.9
        D:5 |     624 |      84 |  11.9 |      21 |       2 |   8.7
        D:6 |     564 |       0 |   0.0 |      17 |       0 |   0.0
            +---------+---------+-------+---------+---------+-------
